[Event "Team 45 45 League T91"]
[Site "Internet Chess Club"]
[Date "2022.03.04"]
[Round "8"]
[White "HomerSimpson"]
[Black "Legal"]
[Result "1-0"]
[WhiteElo "2019"]
[BlackElo "1874"]
[Opening "Queen's pawn: London system"]
[ECO "A45"]
[Time "22:17:01"]
[PlyCount "87"]
[TimeControl "2700+45"]

1. d4 Nf6 2. Bf4 d5 3. e3 c5 4. c3 Nc6 5. Nd2 Bf5 6. Qb3 Qd7 7. Ngf3 c4 8. Qd1
e6 9. Nh4 Bd6 10. Nxf5 exf5 11. Qf3 O-O 12. Bxd6 Qxd6 13. Qxf5 b5 14. Be2 b4 15.
O-O bxc3 16. bxc3 Qa3 17. Qc2 Rab8 18. Rab1 a5 19. Rxb8 Rxb8 20. Rb1 Rxb1+ 21.
Nxb1 Qd6 22. Nd2 h5 23. e4 Ng4 24. e5 Qh6 25. h3 Ngxe5 26. dxe5 Nxe5 27. Nf3 Ng6
28. g3 h4 29. Qd2 hxg3 30. Qxh6 gxf2+ 31. Kxf2 gxh6 32. Ke3 f6 33. Nd4 Ne5 34.
Bf3 Nxf3 35. Nxf3 Kg7 36. Kd4 Kg6 37. Kxd5 Kf5 38. Kxc4 Kf4 39. Nd4 Ke4 40. Kb5
f5 41. Nxf5 Kxf5 42. c4 Ke4 43. c5 Kd5 44. c6 {Black resigns} 1-0

[Event "Team 45 45 League T91"]
[Site "Internet Chess Club"]
[Date "2022.03.06"]
[Round "8"]
[White "cadmiumorange"]
[Black "Portola"]
[Result "0-1"]
[WhiteElo "1600"]
[BlackElo "1669"]
[Opening "Richter-Veresov attack"]
[ECO "D01"]
[Time "11:00:18"]
[PlyCount "84"]
[TimeControl "2700+45"]

1. d4 d5 2. Nc3 Nf6 3. Bg5 b6 4. Bxf6 exf6 5. e3 Bb7 6. Bd3 c6 7. Nge2 Be7 8.
O-O Nd7 9. Ng3 g6 10. e4 O-O 11. f4 dxe4 12. Ncxe4 f5 13. Nf2 c5 14. d5 Bxd5 15.
Bxf5 Nf6 16. Bh3 Qc7 17. f5 Rad8 18. Qc1 Kg7 19. Ng4 Nxg4 20. Bxg4 Bf6 21. Bf3
Rfe8 22. c4 Bc6 23. fxg6 hxg6 24. Bxc6 Qxc6 25. Qf4 Rd4 26. Qc1 Red8 27. Qc2 Rd2
28. Qe4 Qxe4 29. Nxe4 Bd4+ 30. Kh1 Rxb2 31. Rad1 Re8 32. Ng5 Rf2 33. h4 Rxf1+
34. Rxf1 f6 35. Nh3 Re4 36. g3 Be5 37. Nf4 Kf7 38. Nd3 Bxg3 39. Rf3 Bxh4 40. Kg2
Bg5 41. Kg3 Ke6 42. Nf4+ Bxf4+ {White resigns} 0-1

[Event "Team 45 45 League T91"]
[Site "Internet Chess Club"]
[Date "2022.03.07"]
[Round "8"]
[White "VictorRed"]
[Black "Timmah4651"]
[Result "1/2-1/2"]
[WhiteElo "1662"]
[BlackElo "1694"]
[Opening "English: Neo-Catalan"]
[ECO "A13"]
[Time "22:05:38"]
[PlyCount "96"]
[TimeControl "2700+45"]

1. c4 Nf6 2. Nf3 e6 3. g3 d5 4. cxd5 exd5 5. d4 Be7 6. Bg2 O-O 7. O-O Nbd7 8.
Nc3 c6 9. Re1 Ne4 10. Nxe4 dxe4 11. Ne5 Nf6 12. Bg5 c5 13. e3 Bf5 14. g4 Bg6 15.
Nxg6 hxg6 16. Bxf6 Bxf6 17. Bxe4 cxd4 18. Qb3 dxe3 19. Rxe3 Qd4 20. Bxg6 Qxb2
21. Qxb2 Bxb2 22. Rb1 Bd4 23. Rd3 Bb6 24. Be4 Rad8 25. Rbd1 Rxd3 26. Rxd3 Rd8
27. Rxd8+ Bxd8 28. Bxb7 Bb6 29. Kg2 Kf8 30. f4 Ke7 31. Kf3 f6 32. Ke4 Kf7 33. h4
Bf2 34. h5 Kg8 35. Kf5 Kh7 36. Be4 Kh6 37. Bd5 Be3 38. Bf7 Bd2 39. Bg6 Be3 40.
a4 Bc1 41. a5 Be3 42. a6 Bc1 43. Be8 Be3 44. Ke4 Bd2 45. Bb5 Bc1 46. f5 Kg5 47.
Be2 Kh6 48. Kd5 Be3 {Game drawn by mutual agreement} 1/2-1/2

[Event "Team 45 45 League T91"]
[Site "Internet Chess Club"]
[Date "2022.03.07"]
[Round "8"]
[White "fireball"]
[Black "zethhon"]
[Result "1-0"]
[WhiteElo "1611"]
[BlackElo "1460"]
[Opening "Sicilian: Smith-Morra gambit"]
[ECO "B21"]
[Time "11:03:00"]
[PlyCount "47"]
[TimeControl "2700+45"]

1. e4 c5 2. d4 cxd4 3. c3 d3 4. Bxd3 e6 5. f4 Nc6 6. Nf3 d6 7. O-O Nf6 8. Qc2 h6
9. h3 Be7 10. e5 dxe5 11. fxe5 Nd5 12. a3 O-O 13. c4 Qb6+ 14. Kh1 Ne3 15. Bxe3
Qxe3 16. Re1 Qb6 17. b4 Nd4 18. Nxd4 Qxd4 19. Nd2 Rd8 20. Bh7+ Kh8 21. Nf3 Qf4
22. Re4 Qg3 23. Rg4 Qxg4 24. hxg4 {Black resigns} 1-0

[Event "Team 45 45 League T91"]
[Site "Internet Chess Club"]
[Date "2022.03.04"]
[Round "8"]
[White "Packerfan"]
[Black "primerpaso"]
[Result "1/2-1/2"]
[WhiteElo "1781"]
[BlackElo "1857"]
[Opening "English: symmetrical variation"]
[ECO "A16"]
[Time "14:32:39"]
[PlyCount "108"]
[TimeControl "2700+45"]

1. c4 Nf6 2. Nc3 c5 3. g3 g6 4. Bg2 Bg7 5. d3 O-O 6. e4 Nc6 7. Nge2 d6 8. O-O a6
9. Rb1 Rb8 10. h3 b5 11. b3 h6 12. f4 Qb6 13. Be3 Nd4 14. Kh2 Re8 15. Bf2 e6 16.
Nxd4 cxd4 17. Ne2 e5 18. fxe5 dxe5 19. Nc3 Be6 20. Nd5 Qd8 21. Be1 Nh7 22. g4
Qd7 23. Rc1 f5 24. exf5 gxf5 25. Nb4 Rbc8 26. gxf5 Bxf5 27. Qf3 Be6 28. Qb7 Rc7
29. Qxa6 e4 30. dxe4 Be5+ 31. Bg3 Qg7 32. Bxe5 Qxe5+ 33. Kh1 bxc4 34. bxc4 Ng5
35. Qb5 Bxc4 36. Qxe5 Rxe5 37. Rf5 Ree7 38. Nd5 Bxd5 39. Rxc7 Rxc7 40. Rxd5 Ra7
41. Rxd4 Rxa2 42. h4 Nf7 43. Rd1 Kg7 44. Re1 Ne5 45. Rf1 Nd3 46. Kg1 Kg6 47. Bf3
Ne5 48. Rf2 Ra4 49. Be2 Kg7 50. Rf4 Ng6 51. Rg4 h5 52. Rg2 Rxe4 53. Bxh5 Re6 54.
Kh2 Kh6 {Game drawn by mutual agreement} 1/2-1/2

[Event "Team 45 45 League T91"]
[Site "Internet Chess Club"]
[Date "2022.03.05"]
[Round "8"]
[White "ElValero"]
[Black "ivanson"]
[Result "1-0"]
[WhiteElo "1739"]
[BlackElo "1583"]
[Opening "King's Indian, 3.Nf3"]
[ECO "E61"]
[Time "14:01:08"]
[PlyCount "45"]
[TimeControl "2700+45"]

1. Nf3 Nf6 2. c4 g6 3. d4 Bg7 4. Nc3 O-O 5. Bg5 d6 6. e3 c5 7. Bd3 Bg4 8. h3
Bxf3 9. Qxf3 Nc6 10. dxc5 dxc5 11. Rd1 Ne5 12. Qe2 Nxd3+ 13. Rxd3 Qa5 14. O-O
Rad8 15. Bxf6 Bxf6 16. Nd5 Kg7 17. Ra3 Qxa3 18. bxa3 Be5 19. Nxe7 Rfe8 20. Nd5
f5 21. a4 f4 22. e4 Bd4 23. Nxf4 {Black resigns} 1-0

[Event "Team 45 45 League T91"]
[Site "Internet Chess Club"]
[Date "2022.03.07"]
[Round "8"]
[White "RD1974"]
[Black "QuieroAprender"]
[Result "1-0"]
[WhiteElo "1604"]
[BlackElo "1606"]
[Opening "QGA: 3.e4"]
[ECO "D20"]
[Time "18:47:08"]
[PlyCount "123"]
[TimeControl "2700+45"]

1. d4 d5 2. c4 dxc4 3. e4 Nf6 4. Nc3 Bg4 5. Qa4+ Qd7 6. Qxc4 Nc6 7. Be3 e6 8. f3
Bh5 9. Nge2 h6 10. Nf4 g5 11. Nd3 Bg6 12. Rd1 Na5 13. Ne5 Nxc4 14. Nxd7 Nxe3 15.
Nxf6+ Ke7 16. Rd3 Nc2+ 17. Kd2 Nb4 18. Ng4 Nxd3 19. Bxd3 Bg7 20. d5 Bxc3+ 21.
bxc3 exd5 22. exd5 Bxd3 23. Kxd3 Rad8 24. Re1+ Kd6 25. c4 f5 26. Ne5 Rhf8 27.
Kd4 c5+ 28. dxc6 bxc6 29. c5+ Kc7+ 30. Kc4 Rfe8 31. g3 Rd5 32. f4 gxf4 33. gxf4
Rd2 34. Rg1 Rxe5 35. fxe5 Rxh2 36. Re1 Rxa2 37. e6 Kd8 38. Kd4 Ke7 39. Ke5 Rf2
40. Ra1 Re2+ 41. Kxf5 Rf2+ 42. Ke5 Re2+ 43. Kf5 Rc2 44. Rxa7+ Ke8 45. Kf6 Rf2+
46. Ke5 h5 47. Kd6 Rd2+ 48. Kxc6 h4 49. Rh7 Re2 50. Kd6 Rd2+ 51. Kc7 h3 52. Rxh3
Ke7 53. Re3 Rb2 54. Re4 Rb3 55. Kc6 Rb2 56. Kc7 Rb3 57. c6 Rb2 58. Kc8 Rb6 59.
c7 Rb3 60. Rd4 Kxe6 61. Kd8 Ke5 62. Rd7 {Black resigns} 1-0

[Event "Team 45 45 League T91"]
[Site "Internet Chess Club"]
[Date "2022.03.06"]
[Round "8"]
[White "julesraider"]
[Black "tightfist"]
[Result "1-0"]
[WhiteElo "1560"]
[BlackElo "1458"]
[Opening "QGD: Semi-Tarrasch, Primitive Pillsbury variation"]
[ECO "D40"]
[Time "15:13:43"]
[PlyCount "67"]
[TimeControl "2700+45"]

1. d4 d5 2. c4 e6 3. Nc3 Nf6 4. Nf3 c5 5. Bg5 cxd4 6. Qxd4 Nc6 7. Qd1 Bb4 8. a3
Bxc3+ 9. bxc3 h6 10. Bh4 g5 11. Bg3 O-O 12. e3 dxc4 13. Qc2 b6 14. Bxc4 Bb7 15.
h4 g4 16. Ng5 Qe7 17. Ne4 Rfd8 18. h5 Kg7 19. Bh4 Qc7 20. Bxf6+ Kg8 21. Bxd8
Qxd8 22. Rd1 Qe7 23. Nd6 Ne5 24. Nxb7 Qxb7 25. Bf1 Kg7 26. c4 Qa6 27. Qc3 f6 28.
Be2 Rc8 29. O-O Rc5 30. Rd8 Qb7 31. Rfd1 Qe4 32. Bd3 Nxd3 33. R1xd3 Rxc4 34.
R3d7# {Black checkmated} 1-0

[Event "Team 45 45 League T91"]
[Site "Internet Chess Club"]
[Date "2022.03.07"]
[Round "8"]
[White "cyborg86"]
[Black "Tufnell"]
[Result "1-0"]
[WhiteElo "2303"]
[BlackElo "1910"]
[Opening "Sicilian: Canal-Sokolsky (Nimzovich-Rossolimo, Moscow) attack"]
[ECO "B51"]
[Time "10:31:00"]
[PlyCount "39"]
[TimeControl "2700+45"]

1. e4 c5 2. Nf3 d6 3. Bb5+ Nd7 4. O-O a6 5. Bd3 Ngf6 6. c3 b5 7. Bc2 Bb7 8. Re1
e6 9. d4 Be7 10. Nbd2 O-O 11. e5 Nd5 12. Ne4 dxe5 13. dxe5 h6 14. Ng3 Re8 15.
Nh5 Qc7 16. Qd3 Nf8 17. Qd2 Red8 18. Nxg7 Nb4 19. Qxh6 Nxc2 20. Nh5 {Black
resigns} 1-0

[Event "Team 45 45 League T91"]
[Site "Internet Chess Club"]
[Date "2022.03.06"]
[Round "8"]
[White "Sloggi"]
[Black "achessman"]
[Result "1-0"]
[WhiteElo "1941"]
[BlackElo "1822"]
[Opening "QGD semi-Slav: Stoltz variation"]
[ECO "D45"]
[Time "10:07:36"]
[PlyCount "75"]
[TimeControl "2700+45"]

1. d4 d5 2. c4 c6 3. Nf3 Nf6 4. e3 e6 5. Nc3 Nbd7 6. Qc2 Bd6 7. b3 O-O 8. Be2 e5
9. cxd5 cxd5 10. Nb5 Bb4+ 11. Bd2 Bxd2+ 12. Nxd2 e4 13. Rc1 a6 14. Nd6 Nb6 15.
Qc7 Qxc7 16. Rxc7 Rb8 17. Nb1 Na8 18. Rxc8 Rfxc8 19. Nxc8 Rxc8 20. Kd2 Kf8 21.
Nc3 Nb6 22. g4 g5 23. a4 Ke7 24. a5 Nbd7 25. b4 h6 26. Rb1 Ke6 27. b5 axb5 28.
Bxb5 Ra8 29. Bxd7+ Nxd7 30. Rb5 Nf6 31. Rb6+ Ke7 32. Rxb7+ Ke6 33. Rb6+ Ke7 34.
a6 Nxg4 35. Nxd5+ Kd7 36. h3 Nxf2 37. Rxh6 Ra7 38. Rf6 {Black resigns} 1-0

[Event "Team 45 45 League T91"]
[Site "Internet Chess Club"]
[Date "2022.03.05"]
[Round "8"]
[White "primerpaso"]
[Black "cadmiumorange"]
[Result "1-0"]
[WhiteElo "1865"]
[BlackElo "1646"]
[Opening "English opening"]
[ECO "A16"]
[Time "14:05:24"]
[PlyCount "129"]
[TimeControl "2700+45"]

1. c4 Nf6 2. Nc3 d6 3. g3 e5 4. Bg2 c6 5. d4 Be7 6. e4 O-O 7. Nge2 Qc7 8. O-O
Rd8 9. h3 Nbd7 10. Be3 Nf8 11. Rc1 exd4 12. Nxd4 Ne6 13. f4 Nxd4 14. Bxd4 Nd7
15. Qe2 Bf6 16. Be3 Qa5 17. Rfd1 Nf8 18. Kh2 g6 19. Qd2 Qh5 20. Bd4 Bxd4 21.
Qxd4 Bg4 22. Rd2 Ne6 23. Qe3 Ng7 24. Nd1 Re8 25. Nf2 Bc8 26. Qd4 Qa5 27. b3 Be6
28. Qc3 Qc7 29. Rcd1 Red8 30. Qf6 Ne8 31. Qg5 f6 32. Qh4 a5 33. Bf3 a4 34. Bg4
Qe7 35. e5 axb3 36. axb3 d5 37. cxd5 cxd5 38. Bf3 g5 39. exf6 gxh4 40. fxe7
hxg3+ 41. Kxg3 Rd7 42. Bxd5 Bxd5 43. Rxd5 Rxe7 44. Ng4 Ra6 45. R1d3 Kf7 46. Kf3
Nf6 47. Rf5 Kg6 48. Rg5+ Kf7 49. Nh6+ Ke8 50. Ng4 Ne4 51. Rgd5 Nf6 52. Rd6 Rxd6
53. Rxd6 Nd7 54. b4 Rf7 55. Rxd7 Rxd7 56. Nf6+ Ke7 57. Nxd7 Kxd7 58. Ke4 Ke6 59.
h4 h5 60. b5 Kd6 61. f5 Kd7 62. Ke5 Ke7 63. f6+ Kf7 64. Kf5 Kf8 65. Kg6 {Black
resigns} 1-0

[Event "Team 45 45 League T91"]
[Site "Internet Chess Club"]
[Date "2022.03.05"]
[Round "8"]
[White "KidRattler"]
[Black "VictorRed"]
[Result "1-0"]
[WhiteElo "1741"]
[BlackElo "1660"]
[Opening "Benko's opening"]
[ECO "A00"]
[Time "21:35:29"]
[PlyCount "83"]
[TimeControl "2700+45"]

1. g3 Nf6 2. Bg2 g6 3. c4 Bg7 4. d3 O-O 5. Nc3 d6 6. Qc2 e5 7. b3 c6 8. Bb2 Be6
9. e3 Na6 10. a3 Nc7 11. Nge2 Qd7 12. O-O Bh3 13. d4 Bxg2 14. Kxg2 Rfe8 15. Rad1
e4 16. Nf4 Ne6 17. Nce2 Nxf4+ 18. Nxf4 d5 19. Qe2 g5 20. Nh5 Nxh5 21. Qxh5 h6
22. Rd2 Qe6 23. Rc2 Rac8 24. Rfc1 a6 25. h4 f6 26. hxg5 fxg5 27. Qh3 g4 28. Qh5
dxc4 29. bxc4 Rf8 30. d5 cxd5 31. cxd5 Qd7 32. Rxc8 Rxc8 33. Rxc8+ Qxc8 34. Qg6
Qd7 35. d6 Qf7 36. Qxg7+ Qxg7 37. Bxg7 Kf7 38. Bxh6 Ke6 39. Bf8 b5 40. Kf1 a5
41. Ke2 b4 42. axb4 {Black resigns} 1-0

[Event "Team 45 45 League T91"]
[Site "Internet Chess Club"]
[Date "2022.03.07"]
[Round "8"]
[White "Signofthetimes"]
[Black "fhunfi"]
[Result "0-1"]
[WhiteElo "1526"]
[BlackElo "1687"]
[Opening "French defense"]
[ECO "C00"]
[Time "09:03:18"]
[PlyCount "86"]
[TimeControl "2700+45"]

1. e4 e6 2. Nf3 d5 3. exd5 exd5 4. d4 Bd6 5. Nc3 c6 6. Be2 Ne7 7. a3 Nd7 8. Bg5
f6 9. Be3 Nf5 10. Qd2 O-O 11. O-O Nxe3 12. Qxe3 Re8 13. Qd2 Nf8 14. Rfe1 Bg4 15.
Nh4 Qd7 16. Bxg4 Qxg4 17. Nf3 Ng6 18. h3 Qd7 19. Rxe8+ Rxe8 20. Re1 Nf4 21.
Rxe8+ Qxe8 22. h4 Qe6 23. Nh2 h5 24. Qe3 Qxe3 25. fxe3 Ng6 26. Nf3 Bg3 27. e4
dxe4 28. Nxe4 Bf4 29. Kf2 Bc1 30. Nd6 Bxb2 31. Nxb7 Bxa3 32. Nd8 Ne7 33. Ke3 a5
34. c3 c5 35. Ne6 cxd4+ 36. Nexd4 Bc1+ 37. Kd3 a4 38. Kc2 Bf4 39. Ne2 Bd6 40.
Ned4 Kf7 41. Ne2 Nd5 42. Kd3 a3 43. c4 a2 {White resigns} 0-1

[Event "Team 45 45 League T91"]
[Site "Internet Chess Club"]
[Date "2022.03.04"]
[Round "8"]
[White "fireball"]
[Black "scostanzo212"]
[Result "1/2-1/2"]
[WhiteElo "1601"]
[BlackElo "1565"]
[Opening "Sicilian: Smith-Morra gambit"]
[ECO "B21"]
[Time "18:03:40"]
[PlyCount "105"]
[TimeControl "2700+45"]

1. e4 c5 2. d4 cxd4 3. c3 d5 4. exd5 Qxd5 5. cxd4 Nf6 6. Nc3 Qd6 7. Nf3 Bg4 8.
Be2 Nc6 9. Nb5 Qb8 10. g3 Bxf3 11. Bxf3 e5 12. dxe5 Bb4+ 13. Kf1 Qxe5 14. Qe2
Qxe2+ 15. Kxe2 O-O 16. Bxc6 bxc6 17. Nd4 c5 18. Nf3 Rfe8+ 19. Kf1 Rad8 20. Kg2
Ng4 21. h3 Ne5 22. Nxe5 Rxe5 23. Be3 Bd2 24. Bxd2 Rxd2 25. Rhd1 Ree2 26. Rxd2
Rxd2 27. Rc1 Rxb2 28. Rxc5 g6 29. Ra5 Rb7 30. f4 f5 31. Kf3 Rc7 32. Re5 Kf7 33.
g4 Rc3+ 34. Re3 Rxe3+ 35. Kxe3 fxg4 36. hxg4 h5 37. gxh5 gxh5 38. f5 Ke7 39. Kf4
Kf6 40. Ke4 a5 41. Kf4 a4 42. Ke4 h4 43. Kf4 h3 44. Kg3 Kxf5 45. Kxh3 Ke4 46.
Kg3 Kd3 47. Kf3 Kc2 48. Ke3 Kb2 49. Kd3 Kxa2 50. Kc2 Ka1 51. Kc1 a3 52. Kc2 a2
53. Kc1 {Black stalemated} 1/2-1/2

[Event "Team 45 45 League T91"]
[Site "Internet Chess Club"]
[Date "2022.03.06"]
[Round "8"]
[White "Kingofknights"]
[Black "ChessG2011"]
[Result "1/2-1/2"]
[WhiteElo "1550"]
[BlackElo "1445"]
[Opening "Neo-Grünfeld defense"]
[ECO "D70"]
[Time "12:30:07"]
[PlyCount "122"]
[TimeControl "2700+45"]

1. d4 Nf6 2. c4 g6 3. f3 d5 4. cxd5 Nxd5 5. e4 Nf6 6. Nc3 Bg7 7. Be3 O-O 8. Qd2
c6 9. Rd1 Qc7 10. Nge2 Rd8 11. Qc2 e6 12. Nc1 b6 13. Be2 Bb7 14. O-O Na6 15. Nd3
Rd7 16. Ne5 Rdd8 17. Rc1 Nb4 18. Qa4 a5 19. a3 Na6 20. Qc4 Nd7 21. Nb5 Nxe5 22.
Nxc7 Nxc4 23. Bxc4 Nxc7 24. Rfd1 Rd7 25. Rd2 Rad8 26. Rcd1 c5 27. dxc5 Rxd2 28.
Rxd2 Rxd2 29. Bxd2 bxc5 30. Bxa5 Bd4+ 31. Kf1 Ba6 32. b3 Bxc4+ 33. bxc4 Ne8 34.
Ke2 Nd6 35. Kd3 Kf8 36. Bc7 Ke7 37. a4 Kd7 38. Ba5 Kc6 39. Bd2 Kb7 40. f4 f6 41.
g4 e5 42. f5 Ka6 43. fxg6 hxg6 44. h4 Nf7 45. h5 g5 46. Ke2 Nh6 47. Kf3 Bb2 48.
Be1 Ba3 49. Bd2 Bb4 50. Bc1 Ka5 51. Ke2 Kxa4 52. Kd3 Nxg4 53. Ke2 Kb3 54. Kd3
Nh6 55. Be3 Ng4 56. Bg1 Ba3 57. Be3 Bb2 58. Bxc5 Ka4 59. Be7 Bd4 60. Bf8 Ka5 61.
Ke2 f5 {Game drawn by mutual agreement} 1/2-1/2

[Event "Team 45 45 League T91"]
[Site "Internet Chess Club"]
[Date "2022.03.03"]
[Round "8"]
[White "smsxman"]
[Black "tightfist"]
[Result "0-1"]
[WhiteElo "1471"]
[BlackElo "1473"]
[Opening "French defense"]
[ECO "C00"]
[Time "12:01:06"]
[PlyCount "90"]
[TimeControl "2700+45"]

1. e4 e6 2. Nf3 d5 3. exd5 exd5 4. d4 Bg4 5. Be2 Nf6 6. Nc3 Bb4 7. Bd2 O-O 8. a3
Bd6 9. O-O c6 10. Re1 Nbd7 11. h3 Bh5 12. Bg5 Qc7 13. Bxf6 Nxf6 14. Ne5 Bxe2 15.
Rxe2 Rfe8 16. f4 Re7 17. g3 Rae8 18. Qd3 a6 19. b4 Nd7 20. Rae1 f6 21. Nxd7 Qxd7
22. Rxe7 Rxe7 23. Rxe7 Qxe7 24. Kg2 g6 25. Qe2 Kf7 26. Qxe7+ Kxe7 27. Kf3 f5 28.
Na4 a5 29. c3 Kd8 30. g4 fxg4+ 31. Kxg4 h6 32. Nc5 Bxc5 33. bxc5 Ke7 34. h4 Kf6
35. a4 h5+ 36. Kf3 Kf5 37. Ke3 Kg4 38. c4 dxc4 39. Ke4 c3 40. Kd3 c2 41. Kxc2
Kxh4 42. Kd3 Kg3 43. Ke3 h4 44. Ke4 h3 45. Ke5 h2 {White resigns} 0-1

[Event "Team 45 45 League T91"]
[Site "Internet Chess Club"]
[Date "2022.03.04"]
[Round "8"]
[White "manfredo"]
[Black "Redman1"]
[Result "1/2-1/2"]
[WhiteElo "1524"]
[BlackElo "1561"]
[Opening "Caro-Kann: Tartakower (fantasy) variation"]
[ECO "B12"]
[Time "14:01:56"]
[PlyCount "124"]
[TimeControl "2700+45"]

1. e4 c6 2. d4 d5 3. f3 g6 4. Nc3 Bg7 5. Be3 dxe4 6. fxe4 Nf6 7. Nf3 Be6 8. Be2
O-O 9. Qd2 a5 10. Ng5 Bd7 11. e5 Nd5 12. Nxd5 cxd5 13. O-O e6 14. a4 Nc6 15. c4
dxc4 16. Bxc4 Nb4 17. Ne4 Bc6 18. Bg5 Qc7 19. Nf6+ Kh8 20. Bh6 Rad8 21. Bxg7+
Kxg7 22. Rf4 Qxe5 23. Qf2 Qc7 24. Nxh7 Rh8 25. Ng5 Be8 26. Rf1 Qxc4 27. Rxf7+
Bxf7 28. Qf6+ Kh6 29. Nxf7+ Kh7 30. Qh4+ Kg7 31. Qf6+ Kh7 32. Nxd8 Qd5 33. Nf7
Rc8 34. Qh4+ Qh5 35. Qxh5+ gxh5 36. Ng5+ Kg6 37. Nxe6 Rc2 38. b3 Rd2 39. h3 Nd5
40. Rf2 Rd1+ 41. Kh2 Rb1 42. Rf3 Nb4 43. Nf4+ Kg5 44. Ne6+ Kg6 45. Nf4+ Kg5 46.
Ne6+ Kg6 47. Rg3+ Kf6 48. Nf4 Kf5 49. Nxh5 Rd1 50. Rf3+ Kg5 51. Nf4 Rd2 52. Ne6+
Kg6 53. Kg3 Nc2 54. Rf4 Ne3 55. Rf2 Nf5+ 56. Kf3 Rd3+ 57. Ke4 Re3+ 58. Kd5 Rxb3
59. Nf4+ Kg5 60. Ne6+ Kg6 61. Nf4+ Kg5 62. Ne6+ Kg6 {Game drawn by repetition}
1/2-1/2

[Event "Team 45 45 League T91"]
[Site "Internet Chess Club"]
[Date "2022.03.06"]
[Round "8"]
[White "Constrictor"]
[Black "dalmata"]
[Result "1/2-1/2"]
[WhiteElo "1449"]
[BlackElo "1565"]
[Opening "Queen's gambit declined"]
[ECO "D30"]
[Time "12:01:02"]
[PlyCount "110"]
[TimeControl "2700+45"]

1. d4 e6 2. c4 d5 3. Nf3 c5 4. g3 Nf6 5. Bg2 Nc6 6. cxd5 Nxd5 7. O-O Be7 8. dxc5
Bxc5 9. Qc2 b6 10. a3 Bb7 11. Rd1 O-O 12. e4 Ncb4 13. Qb3 Qe7 14. exd5 Bxd5 15.
Qa4 b5 16. Qxb5 Nc2 17. b4 Nxa1 18. Qxc5 Qxc5 19. bxc5 Rac8 20. Be3 Nb3 21. Nc3
Bxf3 22. Bxf3 Nxc5 23. Ne4 Nxe4 24. Bxe4 Rfd8 25. Rxd8+ Rxd8 26. Bxa7 Rd1+ 27.
Kg2 Ra1 28. Bc5 f5 29. Bf3 g5 30. g4 Kf7 31. gxf5 exf5 32. Bd5+ Kg6 33. h3 Rc1
34. Bb4 Rb1 35. Bc6 h6 36. Be8+ Kf6 37. Bc6 h5 38. Be8 h4 39. Bc6 g4 40. hxg4
fxg4 41. Bd7 h3+ 42. Kh2 Kg5 43. Bc5 Rb2 44. a4 Rc2 45. Be7+ Kf4 46. Bd6+ Kg5
47. Kg3 Rc3+ 48. Kh2 Rc2 49. Bg3 Ra2 50. Kg1 Ra1+ 51. Kh2 Ra2 52. Kg1 Ra1+ 53.
Kh2 Ra2 54. Kg1 Ra1+ 55. Kh2 Ra2 {Game drawn by repetition} 1/2-1/2

[Event "Team 45 45 League T91"]
[Site "Internet Chess Club"]
[Date "2022.03.05"]
[Round "8"]
[White "fvafier"]
[Black "Chess4Him"]
[Result "1-0"]
[WhiteElo "1541"]
[BlackElo "1433"]
[Opening "Réti: King's Indian attack, Yugoslav variation"]
[ECO "A05"]
[Time "11:00:28"]
[PlyCount "81"]
[TimeControl "2700+45"]

1. Nf3 Nf6 2. g3 d5 3. Bg2 c6 4. O-O Bg4 5. h3 Bh5 6. d3 Nbd7 7. Nbd2 e5 8. e4
Bd6 9. Qe1 O-O 10. Nh4 Re8 11. Nf5 Bf8 12. b3 Qb6 13. Bb2 Rad8 14. Kh2 Bb4 15.
g4 Bg6 16. Qe2 Qa5 17. Nf3 dxe4 18. dxe4 Nf8 19. a3 Bd2 20. Nxd2 Rxd2 21. Qc4
Qc7 22. Rac1 Ne6 23. Bc3 b5 24. Qb4 Rd7 25. Kg1 Nf4 26. Rfe1 Bxf5 27. exf5 N6d5
28. Bxd5 cxd5 29. Bd2 Nxh3+ 30. Kg2 Nxf2 31. Kxf2 e4 32. Kg2 f6 33. Qxb5 d4 34.
Qe2 e3 35. Bxe3 Rxe3 36. Qf2 Qc6+ 37. Kg1 Qe4 38. Rxe3 dxe3 39. Qe2 Rd2 40. Qc4+
Kf8 41. Qxe4 {Black resigns} 1-0

[Event "Team 45 45 League T91"]
[Site "Internet Chess Club"]
[Date "2022.03.06"]
[Round "8"]
[White "BrerRabbit"]
[Black "Denis240964"]
[Result "1/2-1/2"]
[WhiteElo "1406"]
[BlackElo "1403"]
[Opening "Queen's pawn game, Darooha variation "]
[ECO "D02"]
[Time "15:00:43"]
[PlyCount "107"]
[TimeControl "2700+45"]

1. d4 d5 2. Nf3 Nf6 3. g3 e6 4. Bg2 c5 5. O-O Nc6 6. c4 b6 7. cxd5 Nxd5 8. Nc3
Bb7 9. Nxd5 exd5 10. Bf4 Be7 11. Rc1 O-O 12. Be3 Bf6 13. Qd2 c4 14. b3 b5 15.
Qc3 b4 16. Qc2 c3 17. Qd3 a5 18. Rfe1 Bc8 19. Qb5 Ne7 20. Ne5 Ba6 21. Qd7 Bxe5
22. Qxd8 Raxd8 23. dxe5 d4 24. Bg5 Rd7 25. Bxe7 Rxe7 26. f4 Rd8 27. Kf2 Bc8 28.
Red1 Bf5 29. Bf3 d3 30. exd3 Rd4 31. Be4 Bc8 32. Ke3 Rd8 33. Rc2 g6 34. Kf3 Red7
35. Ke3 Ba6 36. d4 f5 37. Bf3 Kf8 38. d5 Bb7 39. d6 Kf7 40. Bxb7 Rxb7 41. Rd5
Ra7 42. Rc1 Ke6 43. Kd4 a4 44. Rc5 axb3 45. axb3 Rb8 46. Kc4 Kd7 47. Rb5 Rxb5
48. Kxb5 Rb7+ 49. Kc4 Rb8 50. Rc2 Rb7 51. Ra2 Kc8 52. Kd3 Kd7 53. Ra5 Kc6 54.
Ra2 {Game drawn by mutual agreement} 1/2-1/2

[Event "Team 45 45 League T91"]
[Site "Internet Chess Club"]
[Date "2022.03.05"]
[Round "8"]
[White "Gojira"]
[Black "WillC"]
[Result "0-1"]
[WhiteElo "1527"]
[BlackElo "1516"]
[Opening "Queen's pawn: Chigorin variation"]
[ECO "D00"]
[Time "09:01:23"]
[PlyCount "72"]
[TimeControl "2700+45"]

1. d4 d5 2. Nc3 Nf6 3. Bf4 e6 4. e3 c5 5. Nb5 Na6 6. c3 Be7 7. Nf3 O-O 8. Bd3
Qb6 9. dxc5 Bxc5 10. b4 Be7 11. Be5 Bd7 12. Bd4 Qc6 13. Ne5 Qc8 14. Nxa7 Rxa7
15. Nxd7 Nxd7 16. Bxa7 Qxc3+ 17. Ke2 Nxb4 18. Bd4 Qa3 19. Qb3 Qa8 20. Rhc1 e5
21. Bb2 Nxd3 22. Qxd3 d4 23. exd4 exd4 24. Bxd4 Nf6 25. Bc5 Bxc5 26. Rxc5 Re8+
27. Kf1 Qa4 28. Qb3 Qd4 29. Qc3 Qf4 30. Re1 Rxe1+ 31. Kxe1 h6 32. Rc8+ Kh7 33.
Qc2+ g6 34. Qc3 Qe4+ 35. Kd1 Qb1+ 36. Kd2 Ne4+ {White resigns} 0-1

[Event "Team 45 45 League T91"]
[Site "Internet Chess Club"]
[Date "2022.03.04"]
[Round "8"]
[White "Visin"]
[Black "seldredg"]
[Result "1-0"]
[WhiteElo "1222"]
[BlackElo "1273"]
[Opening "Sicilian defense"]
[ECO "B41"]
[Time "14:00:29"]
[PlyCount "121"]
[TimeControl "2700+45"]

1. e4 c5 2. Nf3 e6 3. d4 cxd4 4. Qxd4 b6 5. b3 Bb7 6. Bb2 Nc6 7. Qe3 Nf6 8. Bd3
Bc5 9. Qe2 a6 10. h3 Nb4 11. a3 Nxd3+ 12. cxd3 O-O 13. b4 Be7 14. Nc3 Rc8 15.
O-O Qc7 16. Rac1 Qb8 17. Nh2 Bd6 18. Nf3 Nh5 19. g3 Bxg3 20. Na4 Rxc1 21. Bxc1
Bc7 22. Be3 Bc6 23. Nb2 f5 24. Nd4 Qe8 25. Nxc6 dxc6 26. Kh1 f4 27. Bd2 b5 28.
Qg4 Be5 29. Nd1 Qd7 30. Qxh5 g6 31. Qxe5 Qxd3 32. Qxe6+ Rf7 33. Qe8+ Rf8 34.
Qe6+ Rf7 35. Rg1 Kf8 36. Qc8+ Kg7 37. Bc3+ Kh6 38. Qg4 Qxe4+ 39. Kh2 Qf5 40.
Qh4+ Qh5 41. Qxh5+ Kxh5 42. Re1 Rc7 43. f3 g5 44. Nf2 c5 45. bxc5 Rxc5 46. Ne4
Rc6 47. Rd1 a5 48. Bxa5 Rc2+ 49. Rd2 Rc1 50. Kg2 h6 51. Nd6 Rc5 52. Bb4 Rc6 53.
Nxb5 Rc1 54. Nd4 Rc4 55. Ne2 Kh4 56. Rb2 Rc8 57. a4 Re8 58. a5 Re6 59. Ra2 Ra6
60. Nd4 Rd6 61. Nf5+ {Black resigns} 1-0

[Event "Team 45 45 League T91"]
[Site "Internet Chess Club"]
[Date "2022.03.04"]
[Round "8"]
[White "Fulmar"]
[Black "Pawnchain"]
[Result "1/2-1/2"]
[WhiteElo "1266"]
[BlackElo "1296"]
[Opening "Queen's pawn game"]
[ECO "D04"]
[Time "12:01:12"]
[PlyCount "42"]
[TimeControl "2700+45"]

1. d4 Nf6 2. Nf3 d5 3. e3 Bf5 4. Bd3 Bxd3 5. Qxd3 Nbd7 6. b3 c6 7. Nbd2 e6 8.
Bb2 Be7 9. O-O O-O 10. Ne5 Qc7 11. f4 Bb4 12. c3 Be7 13. Rf3 Nxe5 14. fxe5 Ne8
15. Rh3 f5 16. exf6 Nxf6 17. c4 Rae8 18. g4 g6 19. Qe2 Rf7 20. Qg2 Bb4 21. g5
Bxd2 {Game drawn by mutual agreement} 1/2-1/2